cohdb
Replays
Latest Replays
All Replays
Popular Replays
Top Player Replays
Match Explorer
How It Works
Community
CoH3 Stats
Reddit
Sign in to upload your games and track your stats! →
Sign in with Steam
Match 28754367
Unlisted
Match 28754367
Overview
Messages
Build Orders
End
Kradschützen Motorcycle Team
Selects Italian Infantry
Panzergrenadier Squad
Panzergrenadier Squad
Construct Light Support Kompanie
MG34 Team
Fire Support Elements
Selects Guastatori Squad
Guastatori Squad
Selects Registered Artillery
Construct Panzerarmee Kommand
MG34 Team
Registered Artillery
Armored Reserves
Registered Artillery
Guastatori Squad
Selects Towed Cannone da 105/28 Field Howitzer
Towed Cannone da 105/28 Field Howitzer
Guastatori Squad
Selects Sound the Alarm
Selects Territory Booby Traps
Registered Artillery
Tiger Heavy Tank
LLDK80
SnowLeopard279
pagep
Timi_2887
秋水共长天一色
(๑‾ ꇴ ‾๑)
Cincinnati Zookeeper
feqtko
0
0
Comments
sign in to comment!
No comments posted yet!